 Dungeon Crawl Stone Soup version 0.22-a0-533-g4d20840e7c (webtiles) character file.

88 Infinimo the Conjurer (level 4, 0/33 HPs)
             Began as a Draconian Conjurer on June 22, 2018.
             Killed from afar by an orc wizard (8 damage)
             ... with a magic dart
             ... on level 2 of the Dungeon.
             The game lasted 00:03:40 (2893 turns).

Infinimo the Conjurer (Draconian Conjurer)          Turns: 2893, Time: 00:03:40

Health: 0/33       AC:  5    Str: 11    XL:     4   Next: 29%
Magic:  3/8        EV: 12    Int: 16    God:
Gold:   72         SH:  0    Dex: 11    Spells: 7/8 levels left

rFire    . . .     SeeInvis .   j - +0 dagger
rCold    . . .     Gourm    .   (no shield)
rNeg     . . .     Faith    .   (armour unavailable)
rPois    .         Spirit   .   (helmet restricted)
rElec    .         Reflect  .   (no cloak)
rCorr    .         Harm     .   (no gloves)
MR       .....                  (no boots)
Stlth    ++........             (no amulet)
HPRegen  0.11/turn              (no ring)
MPRegen  0.11/turn              (no ring)

@: no status effects
A: unfitting armour, cold-blooded, AC +5
a: no special abilities


You were on level 2 of the Dungeon.
You were not hungry.

You visited 1 branch of the dungeon, and saw 3 of its levels.

You collected 72 gold pieces.

Inventory:

Hand Weapons
 j - a +0 dagger (weapon)
Jewellery
 h - an uncursed ring of fire {unknown}
Scrolls
 e - a scroll of magic mapping {unknown}
 f - 3 scrolls of identify
 g - 3 scrolls of remove curse {unknown}
 l - a scroll of enchant armour {unknown}
 m - a scroll of teleportation {unknown}
 n - a scroll of noise {unknown}
Potions
 a - a potion of heal wounds {unknown}
 c - 2 potions of curing
 i - a potion of haste
 k - a potion of flight {unknown}
Comestibles
 b - 5 rations
 d - 4 chunks of flesh


   Skills:
 - Level 1.7 Dodging
 - Level 1.7 Stealth
 + Level 2.9 Spellcasting
 * Level 5.3 Conjurations


You had 7 spell levels left.
You knew the following spells:

 Your Spells              Type           Power        Failure   Level  Hunger
a - Magic Dart            Conj           ###.         2%          1    #......

Your spell library contained the following spells:

 Spells                   Type           Power        Failure   Level  Hunger
 Iskenderun's Mystic Bla  Conj           ###.....     22%         4    #####..
 Fulminant Prism          Conj/Hex       ##........   54%         4    #####..
 Dazzling Spray           Conj/Hex       ##....       19%         3    ###....
 Force Lance              Conj/Tloc      ##......     54%         4    #####..
 Searing Ray              Conj           ###...       3%          2    ##.....


Dungeon Overview and Level Annotations

Branches:
Dungeon (3/15)

Altars:

Annotations:
D:2 Crazy Yiuf


Innate Abilities, Weirdness & Mutations

Your plain brown scales are hard. (AC +5)
You cannot fit into any form of body armour.
You are cold-blooded and may be slowed by cold attacks.


Message History

There is a stone staircase leading up here.
You start resting.
Your extra speed is starting to run out.
You start resting.
There is a strange disturbance nearby!
You feel yourself slow down.
An orc wizard appears from thin air!
Reactivating autopickup.
You see here a club.
There is a stone staircase leading up here.
Casting: Magic Dart (safe; 2% risk of failure)
Confirm with . or Enter, or press ? or * to list all spells.
Aiming: Magic Dart (safe; 2% risk of failure)
Press: ? - help, Shift-Dir - straight line, f/p - orc wizard
Aim: an orc wizard, wielding a dagger and wearing a robe (moderately wounded)
The magic dart hits the orc wizard.
The orc wizard is severely wounded.
The orc wizard points at you and mumbles some strange words.
The magic dart hits you!
You die...

#........#...#...#.#
#...................
#..##...##.##....##.
##.###..<#......#....
##..# #......###.#....
#..## #.....##.....##.
#.#####....##..#....##
#.###.o....##.#..##.##
##....@##....#.#.###.#.
#..######.##...#(###...
#######.####
#.........#...#
#..........#
#.....)........
#>.........#
#..............
#..........#
#.........#....
#..........#
#<..........##>
#..........#
##############.
############ ##


You could see an orc wizard.

Vanquished Creatures
  2 adders
  A dart slug (D:1)
  A leopard gecko (D:2)
  2 orcs (D:3)
  5 giant cockroaches
  6 goblins
  13 hobgoblins
  4 jackals
  A quokka (D:2)
  A ball python (D:1)
  7 bats
  3 frilled lizards
  5 kobolds
  11 rats
62 creatures vanquished.

Vanquished Creatures (others)
  A quokka (D:3)
1 creature vanquished.

Grand Total: 63 creatures vanquished

Notes
Turn   | Place    | Note
-------+----------+-------------------------------------------
     0 | D:1      | Infinimo the Draconian Conjurer began the quest for the Orb.
     0 | D:1      | Reached XP level 1. HP: 14/14 MP: 3/3
   157 | D:1      | Reached XP level 2. HP: 3/20 MP: 0/5
  1144 | D:1      | Reached XP level 3. HP: 26/26 MP: 4/6
  1752 | D:2      | Reached skill level 5 in Conjurations
  1873 | D:2      | Found a runed door.
  1969 | D:2      | Reached XP level 4. HP: 30/33 MP: 1/8
  2349 | D:2      | Noticed Crazy Yiuf
  2740 | D:3      | Found a faded altar of an unknown god.
  2893 | D:2      | Killed from afar by an orc wizard

Vault maps used:
D:1:      dpeg_arrival_ratfight
D:2:      minmay_item_behind_shaft, uniq_crazy_yiuf_cottage
D:3:      nicolae_qazlal_general_emergency, elyvilon_altar_4,
          chequers_ecumenical_altar_simple_redux

Skill      XL: |  1  2  3 |
---------------+----------+-----
Conjurations   | 5 |  5.3
Dodging        | |  1.7
Stealth        | |  1.7
Spellcasting   | |  2.9

Action                   |  1- 3 |  4- 6 || total
-------------------------+-------+-------++-------
Melee: Unarmed           |    42 |     4 ||    46
       Tailslap          |     7 |     1 ||     8
       Dagger            |       |     8 ||     8
 Cast: Magic Dart        |    92 |    33 ||   125
  Use: Potion            |     1 |     1 ||     2
       Scroll            |       |     1 ||     1
  Eat: Chunk             |     4 |     3 ||     7
Armor: Skin              |    27 |     7 ||    34
Dodge: Dodged            |    42 |     9 ||    51

Table legend:
 A = Spawn XP
 B = Non-spawn XP
 C = Spawn XP percentage of total XP
 D = Spawn monster count
 E = Non-spawn monster count
 F = Spawn count percentage of total count
 G = Total turns spent on level
                    A         B        C        D         E        F      G
               +---------+---------+-------+---------+---------+-------+---------
         Total |       0 |     126 |   0.0 |       0 |      62 |   0.0 |  2893
               +---------+---------+-------+---------+---------+-------+---------
           D:1 |       0 |      53 |   0.0 |       0 |      33 |   0.0 |  1626
           D:2 |       0 |      51 |   0.0 |       0 |      23 |   0.0 |  1194
           D:3 |       0 |      22 |   0.0 |       0 |       6 |   0.0 |    73
               +---------+---------+-------+---------+---------+-------+---------
